Unix NetHack Version 3.7.0-70 Work-in-progress - last build Jan 20 2023 02:37:49 (416de4da9be3a1557180d233d1398bca634ded6a,branch:master). Game began 2023-01-26 13:42:53, ended 2023-01-26 18:24:20. spontiff, neutral male gnomish Healer ------------- 0...........--. ----------...... |........----- |.--.......o@| |.||..|.|.|00| --- |.| ---------- --.-- |.| |...| |.-- |..-- --.-- |..-- -...--- |.| |....- ......-----<| |..... ---....--..| | |..... |.......-- |.|.....-----.--..--| |.#...........||....-- |.|.--...------|-....| - |......--..--|.....-- |.---.......|--.....| --.| ---.....| |....-- 0..| --..--- --.--- --- ---- --- Spontiff the Rhizotomist St:11 Dx:8 Co:17 In:8 Wi:17 Ch:17 Neutral S:350 Dlvl:8 $:65 HP:0(40) Pw:4(7) AC:3 Xp:1/0 T:6732 Latest messages: You are hit by a boulder! Fortunately, you are wearing a hard helmet. What do you want to zap? [tSVZ or ?*] ? Never mind. What do you want to adjust? [a-hj-nqstv-zBCE-HJL-NPRSU-Z or ?*] t Adjust letter to what [ioprtuADIKOQT] (? see used letters)? D Moving: D - an uncursed aluminum wand. What do you want to call? [ad-fhj-mqwxzB-FHL-NPRUYZ or ?*] D Call an aluminum wand: aluminum zapself no msg no id (dig/oln?) What do you want to zap? [DSVZ or ?*] Z In what direction? . You shudder in dread. The hill orc swings his curved sword. The hill orc just misses! What do you want to write with? [- bdmxzC-EGLRSU-XZ or ?*] - You write in the dust with your fingertip. What do you want to write in the dust here? Elbereth The hill orc turns to flee. The hill orc swings his curved sword. The hill orc hits! What do you want to write with? [- bdmxzC-EGLRSU-XZ or ?*] - Do you want to add to the current engraving? [ynq] (y) n You wipe out the message that was written in the dust here. You write in the dust with your fingertip. What do you want to write in the dust here? Elbereth Something is written here in the dust. You read: "Elbereth". You see here a boulder. The hill orc swings his curved sword. The hill orc misses! Something is written here in the dust. You read: "Elbereth". You see here a boulder. #huh: unknown extended command. Something is written here in the dust. You read: "Elbereth". You see here a boulder. You try to move the boulder, but in vain. Something is written here in the dust. You read: "Elbereth". You see here a boulder. What do you want to use or apply? [jkswDJSVZ or ?*] s In what direction? h Status of the hill orc (chaotic): Level 3 HP 11(15) AC 10, scared. You hit the hill orc. The hill orc swings his curved sword. The hill orc hits! You die... Do you want your possessions identified? [ynq] (y) y Do you want to see the dungeon overview? [ynq] (y) y Inventory: Coins $ - 65 gold pieces Weapons W - an uncursed +1 dart X - an uncursed +0 elven dagger G - an uncursed +0 orcish dagger b - an uncursed +0 long sword Armor B - an uncursed +0 dwarvish iron helm h - an uncursed +2 orcish helm (being worn) M - an uncursed +0 orcish helm g - an uncursed +1 pair of leather gloves (being worn) v - an uncursed +0 pair of elven boots (being worn) q - an uncursed +1 dwarvish cloak (being worn) Comestibles y - an uncursed apple n - 4 uncursed food rations Scrolls l - an uncursed scroll of blank paper e - 2 uncursed scrolls of earth N - a cursed scroll of enchant weapon a - an uncursed scroll of gold detection Y - an uncursed scroll of remove curse F - an uncursed scroll of teleportation Spellbooks j - an uncursed spellbook of slow monster Potions f - an uncursed potion of booze P - an uncursed potion of fruit juice H - 2 uncursed potions of gain ability c - an uncursed potion of healing Rings L - an uncursed ring of regeneration R - an uncursed ring of regeneration Wands D - an uncursed wand of digging (0:6) S - an uncursed wand of sleep (0:0) V - an uncursed wand of speed monster (0:5) Z - an uncursed wand of undead turning (0:3) Tools w - an uncursed mirror k - an uncursed skeleton key s - an uncursed stethoscope J - an uncursed tinning kit (0:76) Gems/Stones E - an uncursed black opal U - an uncursed obsidian stone x - an uncursed worthless piece of blue glass m - an uncursed worthless piece of green glass C - an uncursed worthless piece of orange glass z - 2 uncursed worthless pieces of yellowish brown glass d - a cursed worthless piece of yellowish brown glass Spontiff the Healer's attributes: Background: You were a Rhizotomist, a level 1 male gnomish Healer. You were neutral, on a mission for Hermes who was opposed by Athena (lawful) and Poseidon (chaotic). You were in the Gnomish Mines, on level 8. You entered the dungeon 6732 turns ago. You had 0 experience points, 20 were needed to attain level 2. Your score was 350 before end-of-game adjustments. Basics: You had 0 out of 40 hit points. You had 4 out of 7 energy points (spell power). Your armor class was 3. Your wallet contained 65 zorkmids. Autopickup was on for '$!/="?' plus thrown, with exceptions. Final Characteristics: Your strength was 11 (limit:18/50). Your dexterity was 8 (limit:18). Your constitution was 17 (limit:18). Your intelligence was 8 (limit:19). Your wisdom was 17 (limit:18). Your charisma was 17 (limit:18). Final Status: You were not hungry. You were unencumbered. You were empty handed. You were unskilled in bare handed combat. Final Attributes: You were devoutly aligned. You were poison resistant. You had infravision. You were stealthy. You were warded. You were fast. You are dead. Miscellaneous: You never encountered a bones level. Total elapsed playing time was 2 hours, 23 minutes and 48 seconds. Major events: Turn 1: spontiff the neutral male gnomish Healer entered the dungeon 2065: entered the Gnomish Mines 2963: entered Sokoban 3399: completed 1st Sokoban level 6732: killed by a hill orc Vanquished creatures: a large mimic a rock piercer a fog cloud a shrieker 2 kittens 2 dwarves a homunculus 3 hill orcs a rothe an orc zombie 3 dwarf zombies a wererat a werejackal 3 iguanas 2 acid blobs 6 coyotes a gas spore 4 hobbits a large kobold a hobgoblin 4 cave spiders 2 brown molds 2 green molds a red mold 3 gnomes 2 garter snakes 4 geckos 14 jackals 2 foxes a kobold 8 goblins 5 sewer rats 7 grid bugs 2 bats 4 lichens 9 newts 107 creatures vanquished. No species were genocided or became extinct. Voluntary challenges: You never hit with a wielded weapon. You were a pacifist. You read items or engraved 14 times. You engraved Elbereth 7 times. You never genocided any monsters. You never polymorphed an object. You never changed form. You used no wishes. You did not violate any of the special Sokoban rules. Achievements: You entered a shop. You entered the Gnomish Mines. You entered Sokoban. The Dungeons of Doom: levels 1 to 7 Level 1: "magic trap" A fountain. Level 2: A fountain. Level 3: "iron bars; stashlet" An altar to Hermes, a fountain. Level 4: "vault" A potion shop, a grave. Stairs down to The Gnomish Mines. Level 5: Many fountains. Oracle of Delphi. Level 6: "iron bars" A fountain. Stairs up to Sokoban, level 5. Level 7: The Gnomish Mines: levels 5 to 8 Level 5: Level 6: Level 7: "magic trap" Level 8: <- You were here. Final resting place for you, killed by a hill orc. Sokoban: levels 5 up to 4 Level 4: Unsolved. Level 5: Solved. Game over: ---------- / \ / REST \ / IN \ / PEACE \ / \ | spontiff | | 65 Au | | killed by a hill | | orc | | | | | | 2023 | *| * * * | * _________)/\\_//(\/(/\)/\//\/|_)_______ Goodbye spontiff the Healer... You died in The Gnomish Mines on dungeon level 8 with 350 points, and 65 pieces of gold, after 6732 moves. You were level 1 with a maximum of 40 hit points when you died.